 Dungeon Crawl Stone Soup version 0.23.0-3-gf3c87f2df8 (webtiles) character file.

Game seed: 6872126757757238355

187 Kisielow the Magician (level 5, -3/28 HPs)
             Began as a Deep Elf Fire Elementalist on Feb 23, 2019.
             Was an Initiate of Vehumet.
             Killed from afar by an orc wizard (5 damage)
             ... with a magic dart
             ... on level 3 of the Dungeon.
             The game lasted 00:06:48 (2757 turns).

Kisielow the Magician (Deep Elf Fire Elementalist)  Turns: 2757, Time: 00:06:51

Health: -3/28      AC:  2    Str:  5    XL:     5   Next: 39%
Magic:  0/14       EV: 18    Int: 21    God:    Vehumet [......]
Gold:   30         SH:  0    Dex: 20    Spells: 8/14 levels left

rFire    . . .     SeeInvis .   (no weapon)
rCold    . . .     Gourm    .   (no shield)
rNeg     . . .     Faith    .   a - +0 robe
rPois    .         Spirit   .   (no helmet)
rElec    .         Reflect  .   (no cloak)
rCorr    .         Harm     .   (no gloves)
MR       .....     Rnd*Tele +   (no boots)
Stlth    +++.......             (no amulet)
HPRegen  0.09/turn              h - ring of teleportation (curse)
MPRegen  0.14/turn              (no ring)

@: agile, berserk cooldown, hasted and slowed
A: no striking features
a: Renounce Religion


You were on level 3 of the Dungeon.
You worshipped Vehumet.
Vehumet was noncommittal.
You were hungry.

You visited 1 branch of the dungeon, and saw 3 of its levels.

You collected 30 gold pieces.

Inventory:

Armour
 a - a +0 robe (worn)
Jewellery
 h - a cursed ring of teleportation (left hand)
Wands
 b - a wand of random effects (17)
Scrolls
 g - a scroll of identify
Comestibles
 c - 2 rations


   Skills:
 + Level 0.6 Fighting
 + Level 2.7 Dodging
 - Level 2.4 Stealth
 - Level 5.2 Spellcasting
 * Level 3.1 Conjurations
 * Level 4.4 Fire Magic


You had 8 spell levels left.
You knew the following spells:

 Your Spells              Type           Power        Failure   Level  Hunger
e - Inner Flame           Hex/Fire       ##......     13%         3    ##.....
q - Flame Tongue          Conj/Fire      ###..        2%          1    None
w - Throw Flame           Conj/Fire      ###...       3%          2    None

Your spell library contained the following spells:

 Spells                   Type           Power        Failure   Level  Hunger
 Conjure Flame            Conj/Fire      ###.....     7%          3    ##.....
 Animate Skeleton         Necr           N/A          11%         1    None
 Pain                     Necr           #...         11%         1    None
 Sticky Flame             Conj/Fire      ###.....     22%         4    ####...
 Regeneration             Chrm/Necr      #.........   32%         3    ##.....
 Vampiric Draining        Necr           #.........   32%         3    ##.....
 Fireball                 Conj/Fire      ###.......   52%         5    #####..
 Animate Dead             Necr           N/A          71%         4    ####...


Dungeon Overview and Level Annotations

Branches:
Dungeon (3/15)

Altars:
Okawaru
Vehumet


Message History

Unknown command.
You hit the orc wizard.
The orc wizard is severely wounded.
You feel a little less clever now.
The orc wizard gestures at you while chanting.
The magic dart hits you!
* * * LOW HITPOINT WARNING * * *
The orc wizard hits you with a +0 dagger.
* * * LOW HITPOINT WARNING * * *
You hit the orc wizard but do no damage.
The orc wizard is severely wounded.
The orc wizard points at you and mumbles some strange words.
You resist with some effort.
You hit the orc wizard but do no damage.
The orc wizard is severely wounded.
The orc wizard mumbles some strange words.
The orc wizard blinks!
The orc wizard casts a spell at you. The magic dart hits you.
You die...

####### .......
....... .....o.
.......########
.o.[....o.....#
......%.......#
.......###'##.#
.......#@ยง..#.#
)......#.)..#.#
.......#....#.#
.......#o...#.#
#####..#....#.#
....######.#
...(.......#
...#########


You could see an orc wizard.

Vanquished Creatures
  An orc priest (D:3)
  An orc wizard (D:3)
  Natasha (thrice) (D:2)
  2 oozes
  A worm (D:2)
  2 leopard geckos
  2 orcs (D:3)
  2 giant cockroaches
  2 goblins
  3 hobgoblins
  9 jackals (D:1)
  A ball python (D:1)
  7 bats
  4 kobolds
  6 rats
46 creatures vanquished.

Notes
Turn   | Place    | Note
-------+----------+-------------------------------------------
     0 | D:1      | Kisielow the Deep Elf Fire Elementalist began the quest for
                  | the Orb.
     0 | D:1      | Reached XP level 1. HP: 10/10 MP: 6/6
   154 | D:1      | Reached XP level 2. HP: 15/15 MP: 4/8
   279 | D:1      | Learned a level 2 spell: Throw Flame
   985 | D:1      | Reached skill level 4 in Spellcasting
  1135 | D:2      | Noticed Natasha
  1137 | D:2      | Noticed a crimson imp
  1138 | D:2      | Killed Natasha
  1138 | D:2      | Reached XP level 3. HP: 19/19 MP: 4/10
  1321 | D:2      | Found a radiant altar of Vehumet.
  1330 | D:2      | Found an iron altar of Okawaru.
  1332 | D:2      | Became a worshipper of Vehumet
  1587 | D:2      | Learned a level 3 spell: Inner Flame
  1639 | D:2      | Noticed Natasha
  1644 | D:2      | Killed Natasha
  1644 | D:2      | Reached XP level 4. HP: 6/24 MP: 0/12
  2141 | D:2      | Noticed Natasha
  2146 | D:2      | Killed Natasha
  2146 | D:2      | Reached skill level 5 in Spellcasting
  2726 | D:3      | Reached XP level 5. HP: 28/28 MP: 2/14
  2757 | D:3      | Killed from afar by an orc wizard

Skill      XL: |  1  2  3  4  5 |
---------------+----------------+-----
Spellcasting   | 4 5 |  5.2
Conjurations   | 2 3 |  3.1
Fire Magic     | 4 |  4.4
Fighting       | |  0.6
Dodging        | |  2.7
Stealth        | |  2.4

Action                   |  1- 3 |  4- 6 || total
-------------------------+-------+-------++-------
Melee: Unarmed           |     1 |    19 ||    20
 Cast: Flame Tongue      |    49 |    12 ||    61
       Throw Flame       |    12 |    23 ||    35
       Inner Flame       |       |     1 ||     1
  Use: Scroll            |       |     6 ||     6
       Potion            |       |     8 ||     8
  Eat: Chunk             |     2 |     3 ||     5
Armor: Robe              |     3 |     1 ||     4
       Skin              |       |    12 ||    12
Dodge: Dodged            |    25 |    15 ||    40
